 Dungeon Sprint DCSS version 0.29-a0-284-gf9362112df (webtiles) character file.

Game seed: 18309048608866686430

63464 garrulousMonolith the Peltast (level 15, -4/134 HPs)
             Began as a Gnoll Fighter on Mar 28, 2022.
             Was the Champion of Qazlal.
             Slain by an iron golem (28 damage)
             ... in the Dungeon (Sprint V: "Ziggurat Sprint").
             The game lasted 00:14:27 (1882 turns).

garrulousMonolith the Peltast (Gnoll Fighter)       Turns: 1882, Time: 00:14:27

Health: -4/134     AC: 49    Str: 17    XL:     15   Next: 9%
Magic:  11/35      EV:  8    Int: 19    God:    Qazlal [******]
Gold:   0          SH: 47    Dex: 21    Spells: 27/46 levels left

rFire   + . .      SeeInvis +   p - +14 lance "Wyrmbane" {slay drac, rPois rF+ rC+ AC+3}
rCold   + + .      Faith    .   o - +18 shield of the Gong {rElec rN+ Will+ EV-5}
rNeg    + . .      Spirit   .   U - +8 orange crystal plate armour {Archmagi, Int+3 Clar}
rPois   +          Reflect  +   X - +1 helmet of Youthful Indiscretion {rPois rC+ rCorr Dex+4}
rElec   +          Harm     .   w - +2 cloak
rCorr   +          Rampage  .   v - +2 pair of gloves {Dex+3}
Will    +++..      Archmagi +   T - +2 pair of boots {Stlth+}
Stlth   .......... Clarity  +   q - amulet "Pollac" {Reflect SH+5 SInv}
HPRegen 0.32/turn  NoTele   +   c - ring of Egomoozai {rCorr EV+4 Int+5}
MPRegen 0.24/turn               m - ring of willpower

@: studying 2 skills, repel missiles
A: fangs 1, strong nose, distributed training
a: Renounce Religion, Upheaval, Elemental Force, Disaster Area


You were in the Dungeon.
You worshipped Qazlal.
Qazlal was exalted by your worship.
You visited 1 branch

Inventory:

Hand Weapons
 b - the +7 Singing Sword {vorpal, sonic wave}
   (You found it in the Dungeon)

   It inflicts extra damage upon your enemies.
   It radiates damaging sonic waves as it strikes, especially in combat
   involving dangerous or numerous foes.
 p - the +14 lance "Wyrmbane" (weapon) {slay drac, rPois rF+ rC+ AC+3}
   (You found it in the Dungeon)

   It inflicts extra damage against dragons and draconians.
   AC:        It affects your AC (+3).
   rF:        It protects you from fire.
   rC:        It protects you from cold.
   rPois:     It protects you from poison.
 r - the +9 sword of Zonguldrok {reap}
   (You found it in the Dungeon)

   Any living foe damaged by it may be reanimated upon death as a zombie
   friendly to the wielder, with an increasing chance as more damage is dealt.
 s - the +14 obsidian axe {vorpal, Mesm Drain Fly SInv}
   (You found it in the Dungeon)

   It inflicts extra damage upon your enemies.
   It occasionally summons demons to assist the wielder when it strikes in
   combat.
   Its wielder is mesmerised by any visible foes.
   It cannot be unequipped while any foes are visible.
   SInv:      It lets you see invisible.
   Fly:       It grants you flight.
   Drain:     It drains your maximum health when unequipped.
 P - the +10 fustibalus "Erhud" {freeze, rPois rC+ Int+2}
   (You found it in the Dungeon)

   Any ammunition fired from it freezes those it strikes, dealing additional
   cold damage.
   It can also slow down cold-blooded creatures.
   Int:       It affects your intelligence (+2).
   rC:        It protects you from cold.
   rPois:     It protects you from poison.
 Y - the +8 Vampire's Tooth {vamp}
   (You found it in the Dungeon)

   It occasionally heals its wielder for the full amount of damage dealt when it
   wounds a living foe.
Armour
 o - the +18 shield of the Gong (worn) {rElec rN+ Will+ EV-5}
   (You found it in the Dungeon)

   It is deafeningly noisy when blocking attacks.
   EV:        It affects your evasion (-5).
   rElec:     It insulates you from electricity.
   rN:        It protects you from negative energy.
   Will:      It increases your willpower.
 v - a +2 pair of gloves of dexterity (worn)
 w - a +2 cloak (worn)
 T - a +2 pair of boots of stealth (worn)
 U - the +8 orange crystal plate armour (worn) {Archmagi, Int+3 Clar}
   (You found it in the Dungeon)

   Int:       It affects your intelligence (+3).
   Clar:      It protects you against confusion.
 X - the +1 helmet of Youthful Indiscretion (worn) {rPois rC+ rCorr Dex+4}
   (You found it in the Dungeon)

   Dex:       It affects your dexterity (+4).
   rC:        It protects you from cold.
   rPois:     It protects you from poison.
   rCorr:     It protects you from acid and corrosion.
Jewellery
 c - the ring of Egomoozai (left hand) {rCorr EV+4 Int+5}
   (You took it off an orc wizard in the Dungeon)

   [ring of evasion]

   EV:        It affects your evasion (+4).
   Int:       It affects your intelligence (+5).
   rCorr:     It protects you from acid and corrosion.
 l - the ring of the Salmon {rElec MP+9 SInv}
   (You found it in the Dungeon)

   [ring of magical power]

   rElec:     It insulates you from electricity.
   MP:        It affects your magic capacity (+9).
   SInv:      It lets you see invisible.
 m - a ring of willpower (right hand)
 n - the ring "Hagolimm" {rF+ rN+ Int+6 Stlth+}
   (You found it in the Dungeon)

   [ring of intelligence]

   Int:       It affects your intelligence (+6).
   rF:        It protects you from fire.
   rN:        It protects you from negative energy.
   Stlth:     It makes you more stealthy.
 q - the amulet "Pollac" (around neck) {Reflect SH+5 SInv}
   (You took it off an orc knight in the Dungeon)

   [amulet of reflection]

   It reflects blocked missile attacks.
   SInv:      It lets you see invisible.
   SH:        It affects your SH (+5).
 t - a ring of flight
 u - a +6 ring of dexterity
 x - a +6 ring of intelligence
 y - a +6 ring of strength
 z - a +4 ring of evasion
 V - the ring "Vadirph" {rPois rCorr}
   (You found it in the Dungeon)

   [ring of poison resistance]

   rPois:     It protects you from poison.
   rCorr:     It protects you from acid and corrosion.
Wands
 A - a wand of mindburst (7)
 B - a wand of iceblast (4)
 C - a wand of acid (7)
Scrolls
 j - 2 scrolls of blinking
 H - 4 scrolls of amnesia
 I - 7 scrolls of fog
 J - 2 scrolls of holy word
 K - 5 scrolls of identify
 L - 2 scrolls of fear
 O - 2 scrolls of enchant armour
 Q - 4 scrolls of enchant weapon
Potions
 d - 7 potions of might
 e - 10 potions of curing
 f - 4 potions of heal wounds
 g - 10 potions of haste
 h - 5 potions of magic
 i - 3 potions of berserk rage
 D - 2 potions of brilliance
 E - 2 potions of invisibility
 F - 4 potions of resistance
Miscellaneous
 a - a lightning rod (4/4)
 k - a box of beasts
 N - a tin of tremorstones (2/2)
 R - a condenser vane
 W - a phantom mirror
 Z - a phial of floods


   Skills:
 + Level 17.1 Fighting
 + Level 16.0 Short Blades
 + Level 16.0 Long Blades
 + Level 16.0 Axes
 + Level 16.0 Maces & Flails
 + Level 16.5 Polearms
 + Level 16.0 Staves
 + Level 16.0 Slings
 + Level 16.0 Bows
 + Level 16.0 Crossbows
 + Level 16.0 Throwing
 + Level 17.1 Armour
 + Level 16.0 Dodging
 + Level 16.0 Stealth
 + Level 18.7 Shields
 + Level 16.0 Unarmed Combat
 + Level 16.0 Spellcasting
 + Level 13.6 Conjurations
 + Level 13.6 Hexes
 + Level 13.6 Summonings
 + Level 13.6 Necromancy
 + Level 13.6 Translocations
 + Level 14.3 Transmutations
 + Level 13.6 Fire Magic
 + Level 13.6 Ice Magic
 + Level 13.6 Air Magic
 + Level 13.6 Earth Magic
 + Level 13.6 Poison Magic
 + Level 17.3 Invocations
 + Level 16.0 Evocations


You had 27 spell levels left.
You knew the following spells:

 Your Spells              Type           Power      Damage    Failure   Level
a - Wereblood             Tmut           81%        N/A       1%          2
b - Frozen Ramparts       Ice            100%       1d12      4%          3
c - Passage of Golubria   Tloc           79%        N/A       16%         4
d - Summon Lightning Spi  Summ/Air       79%        N/A       16%         4
e - Statue Form           Tmut/Erth      53%        N/A       91%         6

Your spell library contained the following spells:

 Spells                   Type           Power      Damage    Failure   Level
 Freeze                   Ice            100%       1d11      1%          1
 Pain                     Necr           100%       1d9       1%          1
 Sandblast                Erth           100%       2d20      1%          1
 Passwall                 Tmut/Erth      66%        N/A       1%          2
 Corpse Rot               Necr/Air       100%       N/A       2%          2
 Ensorcelled Hibernation  Hex/Ice        100%       N/A       2%          2
 Scorch                   Fire           100%       2d10      2%          2
 Static Discharge         Conj/Air       79%        N/A       2%          2
 Ozocubu's Armour         Ice            79%        N/A       4%          3
 Spider Form              Tmut/Pois      80%        N/A       4%          3
 Stone Arrow              Conj/Erth      100%       3d13      4%          3
 Swiftness                Air            79%        N/A       4%          3
 Tukima's Dance           Hex            79%        N/A       4%          3
 Ice Form                 Ice/Tmut       80%        N/A       14%         4
 Petrify                  Tmut/Erth      80%        N/A       14%         4
 Anguish                  Hex/Necr       39%        N/A       16%         4
 Animate Dead             Necr           39%        N/A       16%         4
 Dispel Undead            Necr           79%        3d26      16%         4
 Flame Wave               Conj/Fire      79%        2d14      16%         4
 Hailstorm                Conj/Ice       79%        3d16      16%         4
 Summon Ice Beast         Ice/Summ       79%        N/A       16%         4
 Yara's Violent Unravell  Hex/Tmut       40%        3d16      36%         5
 Agony                    Necr           79%        N/A       41%         5
 Borgnjor's Vile Clutch   Necr/Erth      39%        N/A       41%         5
 Excruciating Wounds      Necr           39%        N/A       41%         5
 Freezing Cloud           Conj/Ice/Air   39%        6-21      41%         5
 Manifold Assault         Tloc           79%        N/A       41%         5
 Silence                  Hex/Air        39%        N/A       41%         5
 Eringya's Noxious Bog    Tmut/Pois      40%        N/A       91%         6
 Conjure Ball Lightning   Conj/Air       39%        3x3d13    94%         6
 Death Channel            Necr           39%        N/A       94%         6
 Simulacrum               Ice/Necr       39%        N/A       94%         6
 Summon Cactus Giant      Summ           39%        N/A       94%         6
 Malign Gateway           Summ/Tloc      39%        N/A       100%        7
 Ozocubu's Refrigeration  Ice            39%        4d12      100%        7
 Storm Form               Tmut/Air       40%        N/A       100%        7
 Discord                  Hex            39%        N/A       100%        8
 Disjunction              Tloc           39%        N/A       100%        8
 Lehudib's Crystal Spear  Conj/Erth      39%        10d10     100%        8
 Maxwell's Capacitive Co  Air            39%        ∞         100%        8
 Necromutation            Tmut/Necr      40%        N/A       100%        8
 Summon Horrible Things   Summ           39%        N/A       100%        8
 Chain Lightning          Conj/Air       39%        3d52      100%        9
 Fire Storm               Conj/Fire      39%        8d10      100%        9
 Polar Vortex             Ice            39%        N/A       100%        9
 Shatter                  Erth           39%        3d31*     100%        9


Dungeon Overview and Level Annotations

Branches:
Dungeon (1/1)

Altars:
Ashenzari
Cheibriados
Dithmenos
Elyvilon
Fedhas
Gozag
Hepliaklqana
Kikubaaqudgha
Makhleb
Nemelex Xobeh
Okawaru
Qazlal
Ru
Sif Muna
Trog
Uskayaw
Vehumet
Wu Jian
Xom
Yredelemnul
Zin
The Shining One
Beogh
Jiyva
Lugonu


Innate Abilities, Weirdness & Mutations

You have very sharp teeth.
Your uncanny sense of smell can sniff out nearby items.
Your experience applies equally to all skills.


Message History

You block the iron golem's attack.
GONNNNG!
You block the iron golem's attack.
BOUMMMMG!
You puncture the iron golem!
You bite the iron golem, but do no damage.
The iron golem is almost destroyed.
You hear a shout!
A stone giant comes into view.
You hit the iron golem but do no damage.
The iron golem is almost destroyed.
You block the iron golem's attack.
SHROANNG!
You block the iron golem's attack.
PTOANNNG!
You hit the iron golem.
The iron golem is almost destroyed.
The fire giant gestures at you while chanting.
The bolt of fire hits you! You resist.
* * * LOW HITPOINT WARNING * * *
A cyclops comes into view.
The troll is engulfed in freezing vapours.
You kill the troll!
Qazlal accepts your kill.
The troll leather armour is intact enough to wear.
You hit the iron golem.
The iron golem is almost destroyed.
You block the iron golem's attack.
PANG!
You block the iron golem's attack.
BOUMMMMG!
A fire giant comes into view.
It is wielding a +2 great sword of flaming.
You hit the iron golem but do no damage.
The iron golem is almost destroyed.
You hit the iron golem but do no damage.
You bite the iron golem, but do no damage.
The iron golem is almost destroyed.
You feel less protected from physical attacks.
The iron golem hits you!!
You die...

......8▓ ▓......))
......_▓
....[((.C......▓........
......8▓
.....≈CCC......▓..▓.....
......_▓
...≈...CC.C....▓.▓▓▓....
......8▓
.....O.CC≈)≈...▓..▓.....
......_▓
...▓.≈≈≈.C≈▓...▓........
8_8_8_8▓
....O.≈C○§≈≈...▓......©.
▓▓▓▓▓▓▓▓
.....°☼°9..≈...▓▓▓▓▓▓▓▓▓
.......@.§.≈...▓.....8©8
∆∆∆∆∆
▓▓▓▓▓▓▓▓▓▓▓▓▓▓▓▓..|.....
∆∆∆∆∆ ▓..}|).)|
∆∆∆∆∆∆∆∆∆∆∆ ▓........
∆∆∆∆∆∆∆∆∆∆∆ ▓....†...
∆∆∆ ▓..†..... ▓........
▓........ ▓..▓.....


You could see an iron golem, a frost giant, 2 fire giants, 3 stone giants, a
two-headed ogre, 5 cyclopes and an ogre.

Vanquished Creatures
  2 pandemonium lords (D)
  3 ancient champions (D)
  A storm dragon (D)
  A fire giant (D)
  2 quicksilver elementals (D)
  2 iron dragons (D)
  A draconian stormcaller (D)
  2 stone giants (D)
  2 war gargoyles (D)
  3 purple draconians (D)
  A red draconian (D)
  A white draconian (D)
  2 entropy weavers (D)
  4 yellow draconians (D)
  4 crystal guardians (D)
  An iron golem (D)
  A merfolk impaler (D)
  A mummy priest (D)
  2 merfolk javelineers (D)
  A boulder beetle (D)
  A hydra (D)
  A catoblepas (D)
  3 two-headed ogres (D)
  An alligator snapping turtle (D)
  3 spriggan air magi (D)
  2 dancing weapons (D)
  2 merfolk aquamancers (D)
  An orc high priest (D)
  A crystal echidna (D)
  A sixfirhy (D)
  A sea snake (D)
  A sun moth (D)
  3 spriggan druids (D)
  An orb spider (D)
  A deep elf archer (D)
  2 wolf spiders (D)
  2 deep elf zephyrmancers (D)
  3 orc knights (D)
  An ugly thing (D)
  An orc sorcerer (D)
  2 manticores (D)
  A salamander (shapeshifter) (D)
  A cyclops (D)
  An oklob plant (D)
  3 draconians (D)
  A merfolk siren (D)
  2 moths of wrath (D)
  2 elephants (D)
  2 cane toads (D)
  2 demonic crawlers (D)
  A gargoyle (D)
  A yaktaur (shapeshifter) (D)
  3 guardian mummies (D)
  3 trolls (D)
  A hornet (shapeshifter) (D)
  A polar bear (D)
  3 hornets (D)
  A tarantella (D)
  A snapping turtle (D)
  An air elemental (D)
  4 spriggans (D)
  A water elemental (D)
  2 culicivoras (D)
  A yak (D)
  2 ushabtiu (D)
  A redback (D)
  2 neqoxecs (D)
  4 orc warriors (D)
  7 ogres (D)
  4 wolves (D)
  7 earth elementals (D)
  3 jellies (D)
  2 orc priests (D)
  2 iguanas (D)
  A hell rat (D)
  2 orc wizards (D)
  2 river rats (D)
  3 orcs (D)
  A bat skeleton (D)
  An endoplasm (D)
  A jackal (D)
  2 ball python skeletons (D)
157 creatures vanquished.

Vanquished Creatures (collateral kills)
  A black draconian (D)
  A yellow draconian (D)
  A red draconian (D)
  A crystal guardian (D)
  An alligator snapping turtle (D)
5 creatures vanquished.

Vanquished Creatures (others)
  A pandemonium lord (D)
  A hellwing (D)
  A flying skull (D)
  A neqoxec (D)
  A quasit (D)
  A white imp (D)
6 creatures vanquished.

Grand Total: 168 creatures vanquished

Notes
Turn   | Place    | Note
-------+----------+-------------------------------------------
     0 | D        | garrulousMonolith the Gnoll Fighter began the quest for the
                  | Orb.
     0 | D        | Reached XP level 1. HP: 23/23 MP: 1/1
     1 | D        | Found a blossoming altar of Fedhas.
     1 | D        | Found the +6 Majin-Bo {vamp, MP+6 Int+6}
     1 | D        | Found the +9 heavy crossbow "Sniper" {vorpal, Acc+∞ SInv}
     1 | D        | Found the +10 dark maul {vorpal}
     1 | D        | Found the +15 Maxwell's patent armour {-Cast -Tele rElec
                  | Will+ rCorr}
     1 | D        | Found the +18 shield of the Gong {rElec rN+ Will+ EV-5}
     1 | D        | Found the +14 obsidian axe {vorpal, Mesm Drain Fly SInv}
     1 | D        | Found the +7 great mace "Firestarter" {inner flame, rF++}
     1 | D        | Found the +6 shillelagh "Devastator" {shatter}
     1 | D        | Found the +11 plutonium sword {Contam Stlth-}
     1 | D        | Found the +8 lance "Wyrmbane" {slay drac, rPois rF+ rC+
                  | AC+3}
     1 | D        | Found the +9 sword of Zonguldrok {reap}
     1 | D        | Found the +13 scythe of Curses {drain, Drain}
     1 | D        | Found the +5 sword of Power {vorpal}
     1 | D        | Found the +7 mace of Variability {chain chaos}
     1 | D        | Found the +7 Singing Sword {vorpal, sonic wave}
     1 | D        | Found the +8 storm bow {elec, penet}
    13 | D        | Found a viscous altar of Jiyva.
    13 | D        | Found a hazy altar of Hepliaklqana.
    13 | D        | Found a transporter.
    13 | D        | Found an opulent altar of Gozag.
    13 | D        | Found an ancient bone altar of Kikubaaqudgha.
    13 | D        | Found a corrupted altar of Lugonu.
    27 | D        | Found a burning altar of Makhleb.
    28 | D        | Found an iron altar of Okawaru.
    28 | D        | Found a sparkling altar of Nemelex Xobeh.
    28 | D        | Found a stormy altar of Qazlal.
    28 | D        | Found a sacrificial altar of Ru.
    28 | D        | Found a shimmering blue altar of Sif Muna.
    61 | D        | Found a bloodstained altar of Trog.
   107 | D        | Became a worshipper of Qazlal Stormbringer
   123 | D        | Reached skill level 5 in Polearms
   123 | D        | Reached skill level 7 in Shields
   123 | D        | Reached skill level 1 in Conjurations
   123 | D        | Reached skill level 1 in Hexes
   123 | D        | Reached skill level 1 in Summonings
   123 | D        | Reached skill level 1 in Necromancy
   123 | D        | Reached skill level 1 in Translocations
   123 | D        | Reached skill level 1 in Transmutations
   123 | D        | Reached skill level 1 in Fire Magic
   123 | D        | Reached skill level 1 in Ice Magic
   123 | D        | Reached skill level 1 in Air Magic
   123 | D        | Reached skill level 1 in Earth Magic
   123 | D        | Reached skill level 1 in Poison Magic
   123 | D        | Reached XP level 2. HP: 31/31 MP: 1/5
   170 | D        | Entered arena 2.
   170 | D        | Noticed a yak
   170 | D        | Found a transporter.
   176 | D        | Killed a yak
   177 | D        | Reached XP level 3. HP: 37/37 MP: 6/8
   177 | D        | Reached XP level 4. HP: 44/44 MP: 6/9
   177 | D        | Reached XP level 5. HP: 49/49 MP: 6/10
   188 | D        | Entered arena 3.
   188 | D        | Noticed a draconian
   188 | D        | Noticed a draconian
   188 | D        | Noticed a draconian
   188 | D        | Found a transporter.
   197 | D        | Killed a draconian
   197 | D        | Reached * piety under Qazlal
   198 | D        | Reached skill level 5 in Short Blades
   198 | D        | Reached skill level 5 in Long Blades
   198 | D        | Reached skill level 5 in Axes
   198 | D        | Reached skill level 5 in Maces & Flails
   198 | D        | Reached skill level 5 in Staves
   198 | D        | Reached skill level 5 in Slings
   198 | D        | Reached skill level 5 in Bows
   198 | D        | Reached skill level 5 in Crossbows
   198 | D        | Reached skill level 5 in Throwing
   198 | D        | Reached skill level 5 in Dodging
   198 | D        | Reached skill level 5 in Stealth
   198 | D        | Reached skill level 8 in Shields
   198 | D        | Reached skill level 5 in Unarmed Combat
   198 | D        | Reached skill level 5 in Spellcasting
   198 | D        | Reached skill level 5 in Evocations
   198 | D        | Reached XP level 6. HP: 44/57 MP: 9/14
   198 | D        | Reached XP level 7. HP: 49/63 MP: 9/15
   203 | D        | Killed a draconian
   204 | D        | Reached skill level 9 in Shields
   204 | D        | Reached skill level 5 in Conjurations
   204 | D        | Reached skill level 5 in Hexes
   204 | D        | Reached skill level 5 in Summonings
   204 | D        | Reached skill level 5 in Necromancy
   204 | D        | Reached skill level 5 in Translocations
   204 | D        | Reached skill level 5 in Transmutations
   204 | D        | Reached skill level 5 in Fire Magic
   204 | D        | Reached skill level 5 in Ice Magic
   204 | D        | Reached skill level 5 in Air Magic
   204 | D        | Reached skill level 5 in Earth Magic
   204 | D        | Reached skill level 5 in Poison Magic
   204 | D        | Reached XP level 8. HP: 54/71 MP: 10/17
   211 | D        | Killed a draconian
   294 | D        | Entered arena 4.
   294 | D        | Found a transporter.
   297 | D        | Reached ** piety under Qazlal
   308 | D        | Got the +2 cloak "Sany" {Harm}
   311 | D        | Got the +2 pair of gloves of the Imp {MP+9}
   364 | D        | Entered arena 5.
   364 | D        | Found the amulet of Vitality {Regen+ HP+15}
   364 | D        | Found a transporter.
   366 | D        | Reached *** piety under Qazlal
   481 | D        | Entered arena 6.
   481 | D        | Noticed a two-headed ogre
   481 | D        | Noticed a two-headed ogre
   481 | D        | Noticed a two-headed ogre
   481 | D        | Found a transporter.
   482 | D        | Reached **** piety under Qazlal
   484 | D        | Killed a two-headed ogre
   485 | D        | Reached skill level 10 in Fighting
   485 | D        | Reached skill level 10 in Armour
   485 | D        | Reached skill level 10 in Shields
   485 | D        | Reached XP level 9. HP: 78/78 MP: 20/20
   488 | D        | Killed a two-headed ogre
   492 | D        | Killed a two-headed ogre
   493 | D        | Reached XP level 10. HP: 86/86 MP: 22/22
   499 | D        | Got the +0 pair of gloves "Ryphag" {rElec rPois}
   506 | D        | Got the +10 fustibalus "Erhud" {freeze, rPois rC+ Int+2}
   509 | D        | Entered arena 7.
   509 | D        | Noticed a salamander
   509 | D        | Noticed a purple ugly thing
   522 | D        | Found a transporter.
   528 | D        | Killed a purple ugly thing
   528 | D        | Reached ***** piety under Qazlal
   529 | D        | Reached skill level 10 in Polearms
   529 | D        | Reached skill level 11 in Shields
   534 | D        | Killed a salamander
   618 | D        | Entered arena 8.
   618 | D        | Found the +4 moon troll leather armour {Spirit, Regen++
                  | MP+5}
   619 | D        | Found a transporter.
   624 | D        | Reached skill level 10 in Invocations
   635 | D        | Got the Tome of Moulding
   637 | D        | Got the ring of Imops {Ice Drain rElec Str+8 Int-2 Dex+2}
   649 | D        | Learned a level 2 spell: Wereblood
   650 | D        | Entered arena 9.
   650 | D        | Noticed a +2 battleaxe of freezing
   650 | D        | Noticed a deep elf archer
   650 | D        | Noticed a +1 vampiric war axe
   650 | D        | Noticed a deep elf zephyrmancer
   650 | D        | Noticed a deep elf zephyrmancer
   650 | D        | Paralysed by an air elemental for 1 turns
   652 | D        | Killed a deep elf zephyrmancer
   652 | D        | Killed a deep elf zephyrmancer
   653 | D        | Killed a +1 vampiric war axe
   654 | D        | Reached XP level 11. HP: 94/94 MP: 23/24
   661 | D        | Killed a +2 battleaxe of freezing
   665 | D        | Killed a deep elf archer
   666 | D        | Reached skill level 10 in Short Blades
   666 | D        | Reached skill level 10 in Long Blades
   666 | D        | Reached skill level 10 in Axes
   666 | D        | Reached skill level 10 in Maces & Flails
   666 | D        | Reached skill level 10 in Staves
   666 | D        | Reached skill level 10 in Slings
   666 | D        | Reached skill level 10 in Bows
   666 | D        | Reached skill level 10 in Crossbows
   666 | D        | Reached skill level 10 in Throwing
   666 | D        | Reached skill level 10 in Dodging
   666 | D        | Reached skill level 10 in Stealth
   666 | D        | Reached skill level 10 in Unarmed Combat
   666 | D        | Reached skill level 10 in Spellcasting
   666 | D        | Reached skill level 10 in Evocations
   668 | D        | Found a transporter.
   717 | D        | Entered arena 10.
   717 | D        | Noticed Guonn the pandemonium lord
   717 | D        | Noticed Vifaogh the pandemonium lord
   717 | D        | Noticed Lolaats the pandemonium lord
   717 | D        | Noticed a sixfirhy
   719 | D        | Noticed a large abomination
   719 | D        | Noticed a tentacled monstrosity
   719 | D        | Killed Lolaats the pandemonium lord
   720 | D        | Reached skill level 12 in Shields
   721 | D        | Killed Guonn the pandemonium lord
   722 | D        | Killed a sixfirhy
   725 | D        | Found a transporter.
   737 | D        | Killed Vifaogh the pandemonium lord
   807 | D        | Entered arena 11.
   807 | D        | Noticed a spriggan druid
   807 | D        | Noticed a spriggan rider
   809 | D        | Found a transporter.
   813 | D        | Killed a spriggan druid
   814 | D        | Reached XP level 12. HP: 103/103 MP: 27/27
   833 | D        | Reached skill level 13 in Shields
   838 | D        | Got the Collected Works on Moulding
   845 | D        | Got the ring "Vadirph" {rPois rCorr}
   853 | D        | Entered arena 12.
   853 | D        | Found the +8 Vampire's Tooth {vamp}
   854 | D        | Noticed a mummy priest
   855 | D        | Reached ****** piety under Qazlal
   862 | D        | Killed a mummy priest
   866 | D        | Found a transporter.
  1039 | D        | Acquired a book of Geomancy
  1045 | D        | Learned a level 3 spell: Frozen Ramparts
  1050 | D        | Learned a level 4 spell: Passage of Golubria
  1053 | D        | Entered arena 13.
  1053 | D        | Noticed a crystal echidna
  1053 | D        | Noticed an iron dragon
  1053 | D        | Noticed an iron dragon
  1053 | D        | Noticed an ancient champion
  1053 | D        | Noticed a war gargoyle
  1053 | D        | Noticed a quicksilver elemental
  1053 | D        | Noticed an ancient champion
  1054 | D        | Noticed an iron golem
  1054 | D        | Noticed a war gargoyle
  1054 | D        | Identified the ring "Geynur" {rElec MP+9 Str+3 Slay+3}
  1054 | D        | Noticed an ancient champion
  1054 | D        | Found the +0 staff of Battle
  1055 | D        | Noticed a quicksilver elemental
  1056 | D        | Killed a war gargoyle
  1057 | D        | Killed an ancient champion
  1057 | D        | Killed a war gargoyle
  1057 | D        | Killed a quicksilver elemental
  1057 | D        | Killed a crystal echidna
  1057 | D        | Killed an iron dragon
  1057 | D        | Killed a quicksilver elemental
  1058 | D        | Reached skill level 10 in Conjurations
  1058 | D        | Reached skill level 10 in Hexes
  1058 | D        | Reached skill level 10 in Summonings
  1058 | D        | Reached skill level 10 in Necromancy
  1058 | D        | Reached skill level 10 in Translocations
  1058 | D        | Reached skill level 10 in Transmutations
  1058 | D        | Reached skill level 10 in Fire Magic
  1058 | D        | Reached skill level 10 in Ice Magic
  1058 | D        | Reached skill level 10 in Air Magic
  1058 | D        | Reached skill level 10 in Earth Magic
  1058 | D        | Reached skill level 10 in Poison Magic
  1059 | D        | Found a transporter.
  1063 | D        | Killed an ancient champion
  1064 | D        | Reached skill level 14 in Shields
  1064 | D        | Reached XP level 13. HP: 101/113 MP: 11/29
  1067 | D        | Killed an ancient champion
  1077 | D        | Killed an iron dragon
  1118 | D        | Killed an iron golem
  1196 | D        | Got the +1 helmet of Youthful Indiscretion {rPois rC+ rCorr
                  | Dex+4}
  1215 | D        | Entered arena 14.
  1215 | D        | Noticed a merfolk impaler
  1215 | D        | Noticed a merfolk javelineer
  1216 | D        | Noticed a merfolk javelineer
  1218 | D        | Killed a merfolk javelineer
  1221 | D        | Killed a merfolk impaler
  1232 | D        | Found a transporter.
  1238 | D        | Killed a merfolk javelineer
  1349 | D        | Entered arena 15.
  1350 | D        | Identified the ring of Youthful Indiscretion {rElec rPois
                  | Str+6 Int+9 Stlth-}
  1356 | D        | Reached skill level 15 in Fighting
  1356 | D        | Reached skill level 15 in Armour
  1356 | D        | Reached skill level 15 in Shields
  1368 | D        | Reached skill level 15 in Invocations
  1397 | D        | Found a transporter.
  1457 | D        | Entered arena 16.
  1457 | D        | Noticed a yellow draconian
  1457 | D        | Noticed a yellow draconian
  1457 | D        | Noticed a purple draconian
  1458 | D        | Noticed a purple draconian
  1458 | D        | Noticed a yellow draconian
  1458 | D        | Noticed a black draconian
  1458 | D        | Noticed a red draconian
  1458 | D        | Noticed a white draconian stormcaller
  1458 | D        | Noticed a yellow draconian
  1458 | D        | Noticed a white draconian
  1458 | D        | Noticed a red draconian
  1458 | D        | Noticed a storm dragon
  1459 | D        | Noticed a yellow draconian
  1459 | D        | Noticed a purple draconian
  1459 | D        | Found the +8 orange crystal plate armour {Archmagi, Int+3
                  | Clar}
  1460 | D        | Killed a purple draconian
  1460 | D        | Killed a white draconian
  1460 | D        | Killed a yellow draconian
  1460 | D        | Killed a purple draconian
  1460 | D        | Killed a purple draconian
  1461 | D        | Reached skill level 15 in Polearms
  1461 | D        | Reached XP level 14. HP: 85/123 MP: 23/32
  1461 | D        | Killed a yellow draconian
  1462 | D        | Reached skill level 16 in Shields
  1464 | D        | Found a transporter.
  1467 | D        | Killed a yellow draconian
  1476 | D        | Killed a storm dragon
  1478 | D        | Killed a white draconian stormcaller
  1482 | D        | Killed a yellow draconian
  1485 | D        | Killed a red draconian
  1487 | D        | Killed a red draconian
  1489 | D        | Killed a black draconian
  1497 | D        | Killed a yellow draconian
  1624 | D        | Entered arena 17.
  1626 | D        | Identified the amulet "Pollac" {Reflect SH+5 SInv}
  1627 | D        | Identified the ring of Egomoozai {rCorr EV+4 Int+5}
  1627 | D        | Noticed a stone giant
  1630 | D        | Reached skill level 15 in Short Blades
  1630 | D        | Reached skill level 15 in Long Blades
  1630 | D        | Reached skill level 15 in Axes
  1630 | D        | Reached skill level 15 in Maces & Flails
  1630 | D        | Reached skill level 15 in Staves
  1630 | D        | Reached skill level 15 in Slings
  1630 | D        | Reached skill level 15 in Bows
  1630 | D        | Reached skill level 15 in Crossbows
  1630 | D        | Reached skill level 15 in Throwing
  1630 | D        | Reached skill level 15 in Dodging
  1630 | D        | Reached skill level 15 in Stealth
  1630 | D        | Reached skill level 17 in Shields
  1630 | D        | Reached skill level 15 in Unarmed Combat
  1630 | D        | Reached skill level 15 in Spellcasting
  1630 | D        | Reached skill level 15 in Evocations
  1630 | D        | Found a transporter.
  1637 | D        | Killed a stone giant
  1656 | D        | Got the ring of the Salmon {rElec MP+9 SInv}
  1660 | D        | Got the ring "Hagolimm" {rF+ rN+ Int+6 Stlth+}
  1672 | D        | Learned a level 4 spell: Summon Lightning Spire
  1702 | D        | Entered arena 18.
  1705 | D        | Noticed an entropy weaver
  1705 | D        | Noticed an entropy weaver
  1706 | D        | Killed an entropy weaver
  1724 | D        | Killed an entropy weaver
  1725 | D        | Reached skill level 18 in Shields
  1726 | D        | Found a transporter.
  1784 | D        | Got the Disquisition on Ashen Transformation
  1789 | D        | Got the Collected Works on the Spatial Blaze
  1791 | D        | Got the Collected Works on Air
  1813 | D        | Learned a level 6 spell: Statue Form
  1815 | D        | Entered arena 19.
  1819 | D        | Found the +3 woodcutter's axe {vorpal}
  1837 | D        | Found a transporter.
  1837 | D        | HP: 5/126 [crystal guardian/crystal bolt (4)]
  1843 | D        | Reached XP level 15. HP: 44/133 MP: 4/34
  1851 | D        | Entered arena 20.
  1866 | D        | Killed a fire giant
  1868 | D        | Noticed a fire giant
  1872 | D        | Noticed a frost giant
  1881 | D        | Noticed a fire giant
  1882 | D        | Slain by an iron golem

Illustrated notes

Levels and vault maps discovered:
D:        sprint_v [room_start, room_1, room_2, room_3, room_4, room_5, room_6,
          room_7, room_8, room_9, room_10, room_11, room_12, room_13, room_14,
          room_15, room_16, room_17, room_18, room_19, room_20, room_21,
          room_22, room_23, room_24, room_25, room_26, room_27]

Skill      XL: |  1  2  3  4  5  6  7  8  9 10 11 12 13 14 15 |
---------------+----------------------------------------------+-----
Fighting       | 7 8 9 10 11 12 14 15 16 17 | 17.1
Short Blades   | 2 3 5 6 7 8 9 11 12 14 15 16 | 16.0
Long Blades    | 2 3 5 6 7 8 9 11 12 14 15 16 | 16.0
Axes           | 2 3 5 6 7 8 9 11 12 14 15 16 | 16.0
Maces & Flails | 2 3 5 6 7 8 9 11 12 14 15 16 | 16.0
Polearms       | 5 6 7 8 9 10 12 13 15 16 | 16.5
Staves         | 2 3 5 6 7 8 9 11 12 14 15 16 | 16.0
Slings         | 2 3 5 6 7 8 9 11 12 14 15 16 | 16.0
Bows           | 2 3 5 6 7 8 9 11 12 14 15 16 | 16.0
Crossbows      | 2 3 5 6 7 8 9 11 12 14 15 16 | 16.0
Throwing       | 2 3 5 6 7 8 9 11 12 14 15 16 | 16.0
Armour         | 7 8 9 10 11 12 14 15 16 17 | 17.1
Dodging        | 2 3 5 6 7 8 9 11 12 14 15 16 | 16.0
Stealth        | 2 3 5 6 7 8 9 11 12 14 15 16 | 16.0
Shields        | 7 8 9 10 11 12 14 15 18 | 18.7
Unarmed Combat | 2 3 5 6 7 8 9 11 12 14 15 16 | 16.0
Spellcasting   | 2 3 5 6 7 8 9 11 12 14 15 16 | 16.0
Conjurations   | 1 3 4 5 6 8 9 10 12 13 | 13.6
Hexes          | 1 3 4 5 6 8 9 10 12 13 | 13.6
Summonings     | 1 3 4 5 6 8 9 10 12 13 | 13.6
Necromancy     | 1 3 4 5 6 8 9 10 12 13 | 13.6
Translocations | 1 3 4 5 6 8 9 10 12 13 | 13.6
Transmutations | 1 3 4 5 6 8 9 10 12 14 | 14.3
Fire Magic     | 1 3 4 5 6 8 9 10 12 13 | 13.6
Ice Magic      | 1 3 4 5 6 8 9 10 12 13 | 13.6
Air Magic      | 1 3 4 5 6 8 9 10 12 13 | 13.6
Earth Magic    | 1 3 4 5 6 8 9 10 12 13 | 13.6
Poison Magic   | 1 3 4 5 6 8 9 10 12 13 | 13.6
Invocations    | 2 4 6 8 9 10 12 13 15 17 | 17.3
Evocations     | 2 3 5 6 7 8 9 11 12 14 15 16 | 16.0

Action                   |  1- 3 |  4- 6 |  7- 9 | 10-12 | 13-15 || total
-------------------------+-------+-------+-------+-------+-------++-------
Melee: Lance             |     6 |     8 |    38 |    85 |   211 ||   348
       Bite              |     2 |     1 |     7 |     7 |    44 ||    61
Invok: Upheaval          |       |       |     2 |    14 |       ||    16
       Disaster Area     |       |       |       |     7 |    11 ||    18
       Elemental Force   |       |       |       |     1 |     4 ||     5
Evoke: Wand              |       |     3 |       |       |       ||     3
       Condenser vane    |       |       |       |     1 |     1 ||     2
       Tin of tremorston |       |       |       |       |     3 ||     3
  Use: Potion            |     1 |       |       |     3 |    13 ||    17
       Scroll            |       |       |       |     1 |     5 ||     6
 Stab: Distracted        |       |       |       |       |     5 ||     5
       Petrifying        |       |       |       |       |     2 ||     2
       Paralysed         |       |       |       |       |     1 ||     1
Armor: Plate armour      |     2 |     2 |     4 |    17 |    48 ||    73
       Crystal plate arm |       |       |       |       |    25 ||    25
Dodge: Dodged            |       |       |     3 |     6 |    32 ||    41
       Repelled          |       |       |       |     1 |     2 ||     3
Block: Kite shield       |     7 |    12 |    33 |    92 |   275 ||   419

Table legend: (Time is in decaauts)
 A = Elapsed time spent in this place.
 B = Non-inter-level travel time spent in this place.
 C = Inter-level travel time spent in this place.
 D = Time resting spent in this place.
 E = Time spent auto-exploring this place.
 F = Levels seen in this place.
 G = Mean time per level.
                   A        B        C        D        E       F      G
               +--------+--------+--------+--------+--------+-----+--------+
         Total |   1761 |   1761 |      0 |    806 |      0 |   1 | 1761.0 |
       Dungeon |   1761 |   1761 |      0 |    806 |      0 |   1 | 1761.0 |
               +--------+--------+--------+--------+--------+-----+--------+

Top non-repeatable levels by time:
       D: 1761 daAuts
